 Dungeon Crawl Stone Soup version 0.22.0-38-g04b72b8 (webtiles) character file.

1886 Lew the Shield-Bearer (level 9, -6/73 HPs)
             Began as a Gnoll Fighter on Aug 28, 2018.
             Was a Believer of Zin.
             Mangled by an orc warrior
             ... wielding a +0 trident
              (7 damage)
             ... on level 6 of the Dungeon.
             The game lasted 00:14:36 (5030 turns).

Lew the Shield-Bearer (Gnoll Fighter)               Turns: 5030, Time: 00:14:37

Health: -6/73      AC:  9    Str: 22    XL:     9   Next: 14%
Magic:  14/14      EV: 11    Int: 12    God:    Zin [**....]
Gold:   128        SH: 12    Dex: 19    Spells: 15/15 levels left

rFire    + . .     SeeInvis .   u - +3 falchion (distort)
rCold    + . .     Gourm    .   c - +0 shield
rNeg     + . .     Faith    .   b - +0 scale mail
rPois    ∞         Spirit   .   (no helmet)
rElec    .         Reflect  .   h - scarf {rC+ rF+}
rCorr    .         Harm     .   e - +0 pair of gloves
MR       +....                  (no boots)
Stlth    +.........             (no amulet)
HPRegen  0.22/turn              g - ring of positive energy
MPRegen  0.14/turn              m - ring of protection from magic

@: vitalised
A: distributed training, fangs 1, strong nose
a: Recite, Vitalisation, Donate Gold, Renounce Religion


You were on level 6 of the Dungeon.
You worshipped Zin.
Zin was pleased with you.
You were not hungry.

You visited 2 branches of the dungeon, and saw 7 of its levels.

You collected 222 gold pieces.
You donated 94 gold pieces to Zin.

Inventory:

Hand Weapons
 a - a +0 long sword
 u - a +3 falchion of distortion (weapon)
Armour
 b - a +0 scale mail (worn)
 c - a +0 shield (worn)
 e - a +0 pair of gloves (worn)
 h - a scarf of resistance (worn)
Jewellery
 g - a ring of positive energy (left hand)
 l - an uncursed ring of ice
 m - a ring of protection from magic (right hand)
 q - an uncursed ring of protection from fire {unknown}
 r - an uncursed ring of ice
Scrolls
 i - 2 scrolls of remove curse
 j - a scroll of magic mapping
 o - 2 scrolls of identify
Potions
 d - a potion of might
 n - a potion of magic {unknown}
 p - 3 potions of curing
Comestibles
 f - 13 rations


   Skills:
 + Level 7.7 Fighting
 + Level 3.9 Short Blades
 + Level 6.1 Long Blades
 + Level 3.9 Axes
 + Level 3.9 Maces & Flails
 + Level 3.9 Polearms
 + Level 3.9 Staves
 + Level 3.9 Slings
 + Level 3.9 Bows
 + Level 3.9 Crossbows
 + Level 3.9 Throwing
 + Level 7.7 Armour
 + Level 3.9 Dodging
 + Level 3.9 Stealth
 + Level 7.7 Shields
 + Level 3.9 Unarmed Combat
 + Level 3.9 Spellcasting
 + Level 3.2 Conjurations
 + Level 3.2 Hexes
 + Level 3.2 Charms
 + Level 3.2 Summonings
 + Level 3.2 Necromancy
 + Level 3.2 Translocations
 + Level 3.2 Transmutations
 + Level 3.2 Fire Magic
 + Level 3.2 Ice Magic
 + Level 3.2 Air Magic
 + Level 3.2 Earth Magic
 + Level 3.2 Poison Magic
 + Level 4.2 Invocations
 + Level 3.9 Evocations


You had 15 spell levels left.
You didn't know any spells.
Your spell library was empty.

Dungeon Overview and Level Annotations

Branches:
Dungeon (6/15)             Temple (1/1) D:5

Altars:
Ashenzari
Cheibriados
Dithmenos
Elyvilon
Fedhas
Gozag
Hepliaklqana
Kikubaaqudgha
Nemelex Xobeh
Okawaru
Qazlal
Ru
Sif Muna
Trog
Uskayaw
Vehumet
Wu Jian
Xom
Yredelemnul
Zin
The Shining One

Shops:
D:4 *


Innate Abilities, Weirdness & Mutations

Your experience applies equally to all skills.
You have very sharp teeth.
Your uncanny sense of smell can sniff out nearby items.


Message History

The orc throws a tomahawk.
The tomahawk closely misses you.
You see here a tomahawk.
You completely miss the orc priest. You bite the orc priest.
The orc priest is moderately wounded. "...and again, and again!"
The orc wizard is smitten by the wrath of Zin.
The orc wizard is almost dead.
The orc wizard shouts!
You finish reciting Ablutions 14:41. "From Zin's mouth, by Zin's hand."
You block the orc priest's attack. You block the bullfrog's attack.
You barely miss the orc priest. You bite the orc priest.
The orc priest is moderately wounded.
You block the bullfrog's attack.
The orc priest hits you with a short sword.
* * * LOW HITPOINT WARNING * * *
The orc wizard gestures wildly while chanting.
The orc wizard seems to speed up.
The orc hits you but does no damage.
The bullfrog hits you but does no damage.
The orc warrior hits you from afar with a trident!
You die...

###### #####....#
..........######
............(..##
..........###...#######
........(.o...cF.o....#
........(###.roo@###..#
......o.(#####_#####....
........(###.....###.###
................Z.....
......................#
............(...Z.....#
....#.................#
......####.#.......###.
.....## #.F.....##...


You could see an orc warrior, a bullfrog, a centaur, an orc priest, an orc
wizard, an orc, a worker ant zombie, a quokka and a leopard gecko skeleton.

Vanquished Creatures
  An orc warrior (D:6)
  3 ice beasts
  A phantom (D:5)
  A centaur (D:5)
  An ogre (D:3)
  2 bullfrogs (D:6)
  2 scorpions
  A crimson imp (D:5)
  A quasit (D:5)
  2 hounds (D:5)
  A jelly (D:5)
  3 orc wizards
  3 orc priests
  2 iguanas (D:4)
  Terence (D:2)
  Natasha (thrice) (D:2)
  4 worker ants
  2 gnolls (D:5)
  A howler monkey skeleton (D:4)
  13 adders
  An ooze (D:2)
  6 worms
  4 dart slugs
  5 leopard geckos
  13 orcs
  8 bats
  4 giant cockroaches
  9 goblins
  10 hobgoblins
  17 jackals
  10 kobolds
  4 quokkas
  A ball python (D:3)
  4 frilled lizards
  A jackal zombie (D:5)
  A leopard gecko skeleton (D:4)
  6 rats
152 creatures vanquished.

Vanquished Creatures (others)
  An ogre (D:5)
  A phantom (D:4)
  A centaur skeleton (D:5)
  A shadow imp (D:5)
  An orc (D:4)
  A quokka zombie (D:5)
6 creatures vanquished.

Grand Total: 158 creatures vanquished

Notes
Turn   | Place    | Note
-------+----------+-------------------------------------------
     0 | D:1      | Lew the Gnoll Fighter began the quest for the Orb.
     0 | D:1      | Reached XP level 1. HP: 23/23 MP: 1/1
    79 | D:1      | Reached XP level 2. HP: 24/29 MP: 2/2
   299 | D:1      | Reached XP level 3. HP: 35/35 MP: 3/3
   724 | D:1      | Reached skill level 1 in Invocations
   890 | D:2      | Reached skill level 1 in Short Blades
   890 | D:2      | Reached skill level 1 in Axes
   890 | D:2      | Reached skill level 1 in Maces & Flails
   890 | D:2      | Reached skill level 1 in Polearms
   890 | D:2      | Reached skill level 1 in Staves
   890 | D:2      | Reached skill level 1 in Slings
   890 | D:2      | Reached skill level 1 in Bows
   890 | D:2      | Reached skill level 1 in Crossbows
   890 | D:2      | Reached skill level 1 in Throwing
   890 | D:2      | Reached skill level 1 in Dodging
   890 | D:2      | Reached skill level 1 in Stealth
   890 | D:2      | Reached skill level 1 in Unarmed Combat
   890 | D:2      | Reached skill level 1 in Spellcasting
   890 | D:2      | Reached skill level 1 in Evocations
   890 | D:2      | Reached XP level 4. HP: 40/41 MP: 5/5
   962 | D:2      | Noticed Terence
   970 | D:2      | Killed Terence
   970 | D:2      | Reached skill level 1 in Conjurations
   970 | D:2      | Reached skill level 1 in Hexes
   970 | D:2      | Reached skill level 1 in Charms
   970 | D:2      | Reached skill level 1 in Summonings
   970 | D:2      | Reached skill level 1 in Necromancy
   970 | D:2      | Reached skill level 1 in Translocations
   970 | D:2      | Reached skill level 1 in Transmutations
   970 | D:2      | Reached skill level 1 in Fire Magic
   970 | D:2      | Reached skill level 1 in Ice Magic
   970 | D:2      | Reached skill level 1 in Air Magic
   970 | D:2      | Reached skill level 1 in Earth Magic
   970 | D:2      | Reached skill level 1 in Poison Magic
  1019 | D:2      | Found a hide-covered altar of Uskayaw.
  1086 | D:2      | Reached XP level 5. HP: 43/47 MP: 6/6
  1126 | D:2      | Noticed Natasha
  1130 | D:2      | Killed Natasha
  1484 | D:2      | Noticed Natasha
  1489 | D:2      | Killed Natasha
  1816 | D:2      | Noticed Natasha
  1824 | D:2      | Killed Natasha
  2001 | D:3      | Reached XP level 6. HP: 52/53 MP: 8/8
  2044 | D:3      | Reached skill level 5 in Long Blades
  2055 | D:3      | Found a sacrificial altar of Ru.
  2628 | D:3      | Found a radiant altar of Vehumet.
  2628 | D:3      | Found a sparkling altar of Nemelex Xobeh.
  2946 | D:4      | Reached XP level 7. HP: 15/59 MP: 10/10
  3438 | D:4      | Found Zin's Purification Station.
  3441 | D:4      | Found a glowing silver altar of Zin.
  3449 | D:4      | Became a worshipper of Zin the Law-Giver
  3449 | D:4      | Reached * piety under Zin
  3450 | D:4      | Donated 72 gold pieces to Zin
  3672 | D:5      | Entered Level 5 of the Dungeon
  3698 | D:5      | Reached XP level 8. HP: 41/67 MP: 12/12
  4266 | D:5      | Found a staircase to the Ecumenical Temple.
  4387 | Temple   | Entered the Ecumenical Temple
  4671 | D:6      | Reached XP level 9. HP: 24/72 MP: 14/14
  4909 | D:6      | Reached ** piety under Zin
  5002 | D:6      | HP: 2/73 [orc warrior/trident (8)]
  5004 | D:6      | Found a shattered altar of Ashenzari.
  5025 | D:6      | HP: 2/73 [orc/club (4)]
  5030 | D:6      | HP: 1/73 [orc priest/short sword (3)]
  5030 | D:6      | Mangled by an orc warrior

Skill      XL: |  1  2  3  4  5  6  7  8  9 |
---------------+----------------------------+-----
Invocations    | 1 2 3 4 |  4.2
Short Blades   | 1 2 3 |  3.9
Axes           | 1 2 3 |  3.9
Maces & Flails | 1 2 3 |  3.9
Polearms       | 1 2 3 |  3.9
Staves         | 1 2 3 |  3.9
Slings         | 1 2 3 |  3.9
Bows           | 1 2 3 |  3.9
Crossbows      | 1 2 3 |  3.9
Throwing       | 1 2 3 |  3.9
Dodging        | 1 2 3 |  3.9
Stealth        | 1 2 3 |  3.9
Unarmed Combat | 1 2 3 |  3.9
Spellcasting   | 1 2 3 |  3.9
Evocations     | 1 2 3 |  3.9
Conjurations   | 1 2 3 |  3.2
Hexes          | 1 2 3 |  3.2
Charms         | 1 2 3 |  3.2
Summonings     | 1 2 3 |  3.2
Necromancy     | 1 2 3 |  3.2
Translocations | 1 2 3 |  3.2
Transmutations | 1 2 3 |  3.2
Fire Magic     | 1 2 3 |  3.2
Ice Magic      | 1 2 3 |  3.2
Air Magic      | 1 2 3 |  3.2
Earth Magic    | 1 2 3 |  3.2
Poison Magic   | 1 2 3 |  3.2
Long Blades    | 5 6 |  6.1
Fighting       | 7 |  7.7
Armour         | 7 |  7.7
Shields        | 7 |  7.7

Action                   |  1- 3 |  4- 6 |  7- 9 || total
-------------------------+-------+-------+-------++-------
Melee: Long sword        |   103 |   171 |       ||   274
       Bite              |     9 |    21 |    36 ||    66
       Falchion          |       |    17 |   185 ||   202
Invok: Donate Gold       |       |       |     1 ||     1
       Recite            |       |       |     3 ||     3
       Vitalisation      |       |       |     1 ||     1
  Use: Scroll            |       |     7 |     4 ||    11
       Potion            |       |     5 |     1 ||     6
 Stab: Paralysed         |       |     1 |       ||     1
  Eat: Chunk             |       |     2 |     2 ||     4
       Ration            |       |     2 |     1 ||     3
Armor: Scale mail        |    36 |    43 |    38 ||   117
Dodge: Dodged            |    34 |    62 |    54 ||   150
Block: Shield            |    70 |   100 |   104 ||   274
       Rpst.: Long sword |    10 |    20 |       ||    30
       Falchion          |       |     3 |    14 ||    17
